 Dungeon Crawl Stone Soup version 0.16-a0-715-g16937c4 (webtiles) character file.

52 zxrazo0rzx the Sneak (level 3, 0/27 HPs)
             Began as a Vampire Assassin on Sept 21, 2014.
             Slain by an orc
             ... wielding a +0 short sword
              (4 damage)
             ... on Level 3 of the Dungeon.
             The game lasted 00:06:00 (2011 turns).

zxrazo0rzx the Sneak (Vampire Assassin)             Turns: 2011, Time: 00:06:01

HP   0/27        AC  4     Str 10      XL: 3   Next: 60%
MP   3/3         EV 12     Int 13      God:
Gold 112         SH  0     Dex 16      Spells:  0 memorised,  2 levels left

rFire  . . .     SeeInvis +     a - +2 dagger
rCold  + + .     Clarity  .     c - +0 robe
rNeg   + + +     rCorr    +     (no shield)
rPois  +         rRot     +     (no helmet)
rElec  .         Spirit   .     d - +0 cloak
SustAb .         Warding  .     m - +0 pair of gloves
rMut   .         Stasis   .     (no boots)
Gourm  .                        o - amulet of resist corrosion
MR     .....                    (no ring)
                                (no ring)

@: regenerating slowly, not resistant to hostile enchantments, stealthy
A: fangs 3, see invisible, unbreathing
a: Bat Form


You were on level 3 of the Dungeon.
You were near bloodless.

You visited 1 branch of the dungeon, and saw 3 of its levels.

You collected 112 gold pieces.

Inventory:

Hand weapons
 a - a +2 dagger (weapon)
 b - a +0 blowgun
Missiles
 e - 18 poisoned needles
 f - 2 curare-tipped needles
Armour
 c - a +0 robe (worn)
 d - a +0 cloak (worn)
 m - a +0 pair of gloves (worn)
Magical devices
 r - a wand of flame (13) {unknown}
Scrolls
 h - a scroll of fog {unknown}
 i - a scroll of fear {unknown}
 k - 2 scrolls of enchant armour {unknown}
 l - a scroll of teleportation {unknown}
 n - a scroll of recharging {unknown}
 p - a scroll of magic mapping {unknown}
 q - 2 scrolls of remove curse {unknown}
Jewellery
 o - an amulet of resist corrosion (around neck)
Potions
 g - a potion of blood
 j - a potion of porridge


   Skills:
 + Level 1.8 Fighting
 + Level 2.7 Short Blades
 + Level 1.7 Throwing
 + Level 1.3 Dodging
 + Level 7.3 Stealth


You had 2 spell levels left.
You didn't know any spells.

Dungeon Overview and Level Annotations

Branches:
Dungeon (3/15)

Altars:
The Shining One


Innate Abilities, Weirdness & Mutations

You heal slowly.
You have razor-sharp teeth.
You have supernaturally acute eyesight.
You can survive without breathing.


Message History

The orc closely misses you. The goblin hits you but does no damage.
You hit the orc but do no damage. You bite the orc, but do no damage.
The orc is moderately wounded.
The goblin barely misses you.
You completely miss the orc. You hit the orc.
The orc is moderately wounded.
The goblin hits you but does no damage. The orc hits you with a club.
The orc closely misses you.
You barely miss the orc.
The orc is moderately wounded.
The orc closely misses you. The goblin misses you. The orc closely misses you.
The orc closely misses you. The orc closely misses you.
The orc hits you with a hand axe.
* * * LOW HITPOINT WARNING * * *
The orc hits you with a short sword.
* * * LOW HITPOINT WARNING * * *
The orc hits you with a short sword.
You die...

#.............# ##..).....
#..>....%# #...).....
##.......# #.........
##..#...# ............. ##
#.!o# ###........... #.#o#
#...#......... ##.#g#
#.###.........
#####..#o####.##..........
#........@................
#.##+#..#.................
...#.%.................
#...#....#######.......#
#.. ###..# #.........(##
## .⌠... #.##########
...#... ...##.##. ... ...
..


You could see 3 orcs and a goblin.

Vanquished Creatures
  2 adders
  2 orcs (D:3)
  3 ball pythons
  2 giant cockroaches
  3 hobgoblins
  7 kobolds
  A quokka (D:2)
  3 bats (D:2)
  3 giant newts
  3 goblins
  5 rats
34 creatures vanquished.

Notes
Turn   | Place    | Note
--------------------------------------------------------------
     0 | D:1      | zxrazo0rzx, the Vampire Assassin, began the quest for the Orb.
     0 | D:1      | Reached XP level 1. HP: 16/16 MP: 1/1
    70 | D:1      | Reached skill level 6 in Stealth
   247 | D:1      | Reached XP level 2. HP: 11/22 MP: 2/2
   922 | D:2      | Found a glowing golden altar of the Shining One.
  1007 | D:2      | Reached skill level 7 in Stealth
  1007 | D:2      | Reached XP level 3. HP: 9/27 MP: 3/3
  2011 | D:3      | Slain by an orc

Action                   || total
-------------------------++-------
Melee: Dagger            ||    94
 Stab: Sleeping          ||    10
